 Dungeon Crawl Stone Soup version 0.28.0-49-g6dfe1f597d (webtiles) character file.

Game seed: 14649098971030286790

312 Exodus22XD the Poker (level 6, -4/46 HPs)
             Began as a Demonspawn Gladiator on May 15, 2022.
             Slain by an ogre
             ... wielding a +0 giant club
              (17 damage)
             ... on level 4 of the Dungeon.
             The game lasted 00:02:51 (3691 turns).

Exodus22XD the Poker (Demonspawn Gladiator)         Turns: 3691, Time: 00:02:51

Health: -4/46      AC: 10    Str: 17    XL:     6   Next: 18%
Magic:  6/6        EV: 14    Int:  9    God:
Gold:   92         SH:  0    Dex: 14    Spells: 5/5 levels left

rFire   + . .      SeeInvis .   a - +0 trident
rCold   . . .      Faith    .   (no shield)
rNeg    . . .      Spirit   .   o - +1 ring mail {rF+}
rPois   .          Reflect  .   c - +0 helmet
rElec   .          Harm     .   h - +1 cloak
rCorr   .          Rampage  .   (no gloves)
Will    .....                   i - +0 pair of boots
Stlth   +.........              (no amulet)
HPRegen 0.15/turn               (no ring)
MPRegen 0.20/turn               (no ring)

@: no status effects
A: repulsion field 1, magic regeneration, weakness stinger 1
a: no special abilities


You were on level 4 of the Dungeon.
You visited 1 branch of the dungeon, and saw 4 of its levels.

You collected 92 gold pieces.

Inventory:

Hand Weapons
 a - a +0 trident (weapon)
Missiles
 d - 3 throwing nets (quivered)
Armour
 c - a +0 helmet (worn)
 h - a +1 cloak (worn)
 i - a +0 pair of boots (worn)
 o - a +1 ring mail of fire resistance (worn)
Wands
 f - a wand of paralysis (9)
 k - a wand of digging (4)
Scrolls
 b - a scroll of enchant armour
 j - a scroll of teleportation
 m - a scroll of torment {unknown}
 p - a scroll of immolation {unknown}
Potions
 e - a potion of mutation {unknown}
 g - a potion of invisibility {unknown}
 l - 3 potions of curing
 n - a potion of lignification {unknown}
 q - a potion of brilliance {unknown}


   Skills:
 + Level 2.7 Fighting
 + Level 4.5 Polearms
 + Level 1.8 Throwing
 + Level 2.5 Armour
 + Level 3.4 Dodging
 + Level 1.7 Stealth


You had 5 spell levels left.
You didn't know any spells.
Your spell library contained the following spells:

 Spells                   Type           Power      Damage    Failure   Level
 Shock                    Conj/Air       0%         1d3       58%         1
 Swiftness                Air            0%         N/A       91%         3
 Airstrike                Air            0%         N/A       100%        4
 Summon Lightning Spire   Summ/Air       0%         N/A       100%        4
 Lightning Bolt           Conj/Air       0%         1d11      100%        5


Dungeon Overview and Level Annotations

Branches:
Dungeon (4/15)
 Temple: D:4-7

Altars:

Shops:
D:1 =   D:3 !


Innate Abilities, Weirdness & Mutations

You are surrounded by a mild repulsion field. (EV +2)
You regenerate magic rapidly.
You have a small tail.


Message History

A hound is nearby!
A hound is nearby!
You closely miss the hound. You tail-slap the hound.
The hound is moderately wounded.
The hound barely misses you. The hound bites you but does no damage.
A hound is nearby!
You closely miss the hound. You tail-slap the hound.
The hound is heavily wounded.
The hound barely misses you.
A hound is nearby!
You puncture the hound!
The hound is almost dead.
The hound misses you. The hound bites you but does no damage.
A hound is nearby!
You completely miss the hound. You tail-slap the hound.
You kill the hound!
You now have 87 gold pieces (gained 8).
You now have 92 gold pieces (gained 5).
An ogre is nearby!
An ogre is nearby!
An ogre is nearby!
An ogre is nearby!
An ogre is nearby!
You barely miss the ogre. The ogre hits you with a +0 giant club!
You hit the ogre.
Your tail-slap misses the ogre.
The ogre is lightly wounded.
The ogre hits you with a +0 giant club!!
* * * LOW HITPOINT WARNING * * *
You are too injured to fight recklessly!
You are too injured to fight recklessly!
You are too injured to fight recklessly!
You hit the ogre.
The ogre is moderately wounded.
You completely miss the ogre. You tail-slap the ogre.
The ogre is heavily wounded.
The ogre misses you.
You hit the ogre but do no damage. You tail-slap the ogre.
The ogre is severely wounded.
The ogre hits you with a +0 giant club!
You die...

......#####....#<#.......
#.###.#........#........#
..###.#...#... #...##.#.#
...##.#...#.# #......
...##.......# #.....##
...####...### #...#.#
...# #...# #.....#.#
...####...######......#
................@O...##
.................###..#
..(..............#
...####...######## ...#
#...# ...# #...# ...#
#...# .#. ....# .. ##...


You could see an ogre.

Vanquished Creatures
  Blork the orc (D:4)
  2 hounds (D:4)
  A bullfrog skeleton (D:4)
  Terence (D:2)
  3 gnolls
  3 adders
  An adder skeleton (D:3)
  6 orcs (D:3)
  5 endoplasms
  A giant cockroach (D:1)
  3 goblins
  5 hobgoblins
  10 jackals
  7 kobolds
  3 quokkas
  8 ball pythons
  7 bats
  2 frilled lizards (D:1)
  3 rats
72 creatures vanquished.

Notes
Turn   | Place    | Note
-------+----------+-------------------------------------------
     0 | D:1      | Exodus22XD the Demonspawn Gladiator began the quest for the
                  | Orb.
     0 | D:1      | Reached XP level 1. HP: 16/16 MP: 1/1
   380 | D:1      | Gained mutation: You are surrounded by a mild repulsion
                  | field. (EV +2) [demonic ancestry]
   380 | D:1      | Reached XP level 2. HP: 22/22 MP: 2/2
   434 | D:1      | Found Qanny's Jewellery Shop.
   611 | D:1      | Reached skill level 3 in Polearms
  1150 | D:2      | Reached XP level 3. HP: 27/27 MP: 3/3
  1219 | D:2      | Reached skill level 1 in Armour
  1276 | D:2      | Found a faded altar of an unknown god.
  1388 | D:2      | Noticed Terence
  1400 | D:2      | Killed Terence
  1658 | D:2      | Reached skill level 1 in Stealth
  1658 | D:2      | Gained mutation: You have a small tail. [demonic ancestry]
  1658 | D:2      | Reached XP level 4. HP: 21/33 MP: 4/4
  2387 | D:3      | Found Butaskae's Distillery.
  3368 | D:4      | Noticed an ogre
  3368 | D:4      | Noticed Blork the orc
  3418 | D:4      | Gained mutation: You regenerate magic rapidly. [demonic
                  | ancestry]
  3418 | D:4      | Reached XP level 5. HP: 35/38 MP: 5/5
  3457 | D:4      | Killed Blork the orc
  3458 | D:4      | Reached skill level 4 in Polearms
  3577 | D:4      | Reached XP level 6. HP: 35/46 MP: 6/6
  3691 | D:4      | Slain by an ogre

Illustrated notes

Levels and vault maps discovered:
D:1:      matt_arrival_diagonals, layout_basic, serial_shops,
          nicolae_shop_advertising_works [nicolae_subvault_shop_adworks],
          hangedman_decor_peaks_small
D:2:      layout_loops_ring, basic_ecumenical_altar, minmay_misc_feat_rows,
          uniq_terence
D:3:      wander_river, layout_loops_cross, serial_rivers,
          chequers_serial_rivers_large_a, chequers_serial_rivers_small_b,
          chequers_serial_rivers_small_b, chequers_serial_rivers_micro_e,
          chequers_serial_rivers_micro_b, serial_shops,
          nicolae_shop_window_shopping, nicolae_concentric_dashed_squares_mild,
          hangedman_abyss_or_decor_stabs
D:4:      layout_loops_cross, uniq_blork_the_orc

Skill      XL: |  1  2  3  4  5 |
---------------+----------------+-----
Dodging        | 3 |  3.4
Polearms       | 3 4 |  4.5
Armour         | 1 2 |  2.5
Stealth        | 1 |  1.7
Fighting       | |  2.7
Throwing       | |  1.8

Action                   |  1- 3 |  4- 6 || total
-------------------------+-------+-------++-------
Melee: Trident           |   142 |   149 ||   291
       Punch             |     1 |     1 ||     2
       Tailslap          |       |    18 ||    18
  Use: Scroll            |     3 |     1 ||     4
 Stab: Sleeping          |     5 |       ||     5
       Distracted        |     1 |       ||     1
Armor: Leather armour    |    39 |       ||    39
       Ring mail         |     5 |    46 ||    51
Dodge: Dodged            |   102 |    82 ||   184
